 Dungeon Sprint DCSS version 0.22-a0-86-g94e0ad481e (webtiles) character file.

28 Conn321 the Grave Robber (level 2, -1/22 HPs)
             Began as a Deep Elf Necromancer on Jan 20, 2018.
             Was a Follower of Sif Muna.
             Slain by a kobold (2 damage)
             ... in the Dungeon (Sprint VII: "The Pits") on Jan 21, 2018.
             The game lasted 00:01:37 (386 turns).

Conn321 the Grave Robber (Deep Elf Necromancer)      Turns: 386, Time: 00:01:38

Health: -1/22      AC:  2    Str: 10    XL:     2   Next: 96%
Magic:  7/9        EV: 13    Int: 19    God:    Sif Muna [*.....]
Gold:   0          SH:  0    Dex: 15    Spells: 7/9 levels left

rFire    . . .     SeeInvis .   k - +2 dagger
rCold    . . .     Gourm    .   (no shield)
rNeg     . . .     Faith    .   a - +0 robe
rPois    .         Spirit   .   (no helmet)
rElec    .         Reflect  .   (no cloak)
rCorr    .         Harm     .   (no gloves)
MR       .....     NoTele   +   (no boots)
Stlth    ..........             (no amulet)
HPRegen  0.07/turn              (no ring)
MPRegen  0.11/turn              (no ring)

@: berserking, very quick
A: no striking features
a: Divine Energy, Renounce Religion


You were in the Dungeon.
You worshipped Sif Muna.
Sif Muna was aware of your devotion.
You were not hungry.

You visited 1 branch

Inventory:

Hand Weapons
 k - a +2 dagger (weapon)
Armour
 a - a +0 robe (worn)
Scrolls
 i - a scroll of blinking
 m - 3 scrolls of remove curse
 n - 5 scrolls of amnesia
 o - a scroll of summoning
Potions
 d - a potion of curing
 f - a potion of haste
 g - 4 potions of magic
 h - a potion of berserk rage
 l - 2 potions of invisibility
Books
 b - a book of Necromancy

   Spells                             Type                      Level
   a - Pain                           Necromancy                   1
   b - Animate Skeleton               Necromancy                   1
   c - Vampiric Draining              Necromancy                   3
   d - Regeneration                   Charms/Necromancy            3
   e - Animate Dead                   Necromancy                   4
Comestibles
 c - 9 rations


   Skills:
 + Level 0.4 Short Blades
 + Level 3.3 Dodging
 + Level 3.1 Stealth
 + Level 4.1 Spellcasting
 + Level 7.5 Necromancy


You had 7 spell levels left.
You knew the following spells:

 Your Spells              Type           Power        Failure   Level  Hunger
a - Pain                  Necr           ####         1%          1    None
b - Animate Skeleton      Necr           N/A          1%          1    None


Dungeon Overview and Level Annotations

Branches:
Dungeon (1/1)

Altars:
Ashenzari
Cheibriados
Dithmenos
Elyvilon
Fedhas
Gozag
Hepliaklqana
Kikubaaqudgha
Makhleb
Nemelex Xobeh
Okawaru
Qazlal
Ru
Sif Muna
Trog
Uskayaw
Vehumet
Wu Jian
Xom
Yredelemnul
Zin
The Shining One
Beogh
Jiyva
Lugonu


Message History

The kobold barely misses you. The river rat closely misses you.
You closely miss the river rat.
The river rat is lightly wounded.
The kobold closely misses you. The river rat bites you!
Ouch! That really hurt!
* * * LOW HITPOINT WARNING * * *
Casting: Pain
Confirm with . or Enter, or press ? or * to list all spells.
Okay, then.
A red film seems to cover your vision as you go berserk!
You feel yourself moving faster!
You feel mighty! The kobold hits you but does no damage.
The river rat bites you.
* * * LOW HITPOINT WARNING * * *
You puncture the river rat!
You kill the river rat!
Sif Muna accepts your kill.
Your Stealth skill increases to level 3!
Your Spellcasting skill increases to level 4!
You closely miss the kobold. The kobold hits you.
You die...

#.?(.')))'.##......#..#
##########.##..........
#...........'...........
#+#####'#####......#..#.
#..#..# #...........
#..)..# ####'#####+
#..#### #.......#
#..#K†# #.......#
#..#.@# #.......#
##'#..#+###...<...#
#......†.##.......#
#........##.......#
###########.......#
#########


You could see a kobold.

Vanquished Creatures
  2 river rats (D)
  An adder skeleton (D)
  A bat (D)
  A giant cockroach (D)
  A hobgoblin (D)
  2 frilled lizards (D)
  A goblin (D)
9 creatures vanquished.

Notes
Turn   | Place    | Note
-------+----------+-------------------------------------------
     0 | D        | Conn321 the Deep Elf Necromancer began the quest for the Orb.
     0 | D        | Reached XP level 1. HP: 10/10 MP: 6/6
     9 | D        | Reached skill level 5 in Necromancy
    43 | D        | Found a bloodstained altar of Trog.
    43 | D        | Found a deep blue altar of Sif Muna.
    43 | D        | Found a viscous altar of Jiyva.
    43 | D        | Found a hazy altar of Hepliaklqana.
    43 | D        | Found an opulent altar of Gozag.
    44 | D        | Found a glowing golden altar of the Shining One.
    44 | D        | Found a glowing silver altar of Zin.
    44 | D        | Found a basalt altar of Yredelemnul.
    44 | D        | Found a shimmering altar of Xom.
    44 | D        | Found an ornate altar of the Wu Jian Council.
    44 | D        | Found a sacrificial altar of Ru.
    44 | D        | Found a stormy altar of Qazlal.
    44 | D        | Found an iron altar of Okawaru.
    44 | D        | Found a sparkling altar of Nemelex Xobeh.
    44 | D        | Found a burning altar of Makhleb.
    44 | D        | Found a blossoming altar of Fedhas.
    44 | D        | Found a white marble altar of Elyvilon.
    44 | D        | Found a shadowy altar of Dithmenos.
    44 | D        | Found a snail-covered altar of Cheibriados.
    46 | D        | Found a corrupted altar of Lugonu.
    46 | D        | Found a radiant altar of Vehumet.
    46 | D        | Found a roughly hewn altar of Beogh.
    47 | D        | Found an ancient bone altar of Kikubaaqudgha.
    47 | D        | Found a hide-covered altar of Uskayaw.
    47 | D        | Found a shattered altar of Ashenzari.
    54 | D        | Became a worshipper of Sif Muna the Loreminder
    80 | D        | Reached skill level 6 in Necromancy
    80 | D        | Reached XP level 2. HP: 15/15 MP: 6/8
   136 | D        | Reached * piety under Sif Muna
   348 | D        | Learned a level 1 spell: Animate Skeleton
   374 | D        | Reached skill level 7 in Necromancy
   384 | D        | HP: 1/22 [river rat (3)]
   386 | D        | Slain by a kobold

Vault maps used:
D:        pitsprint

Skill      XL: |  1  2 |
---------------+-------+-----
Necromancy     | 6 7 |  7.5
Dodging        | 3 |  3.3
Stealth        | 3 |  3.1
Spellcasting   | 4 |  4.1
Short Blades   | |  0.4

Action                   || total
-------------------------++-------
Melee: Dagger            ||    26
 Cast: Pain              ||     6
  Use: Potion            ||     3
Armor: Robe              ||     4
Dodge: Dodged            ||    24

Table legend:
 A = Spawn XP
 B = Non-spawn XP
 C = Spawn XP percentage of total XP
 D = Spawn monster count
 E = Non-spawn monster count
 F = Spawn count percentage of total count
 G = Total turns spent on level
                    A         B        C        D         E        F      G
               +---------+---------+-------+---------+---------+-------+---------
         Total |       0 |      40 |   0.0 |       0 |       9 |   0.0 |   386
               +---------+---------+-------+---------+---------+-------+---------
             D |       0 |      40 |   0.0 |       0 |       9 |   0.0 |   386
               +---------+---------+-------+---------+---------+-------+---------
